 Dungeon Crawl Stone Soup version 0.27-a0-1497-gf8f22f7954 (webtiles) character file.

Game seed: 405705474286336825

2962 Lekart the Carver (level 9, 0/78 HPs)
             Began as a Black Draconian Chaos Knight on July 7, 2021.
             Was a Plaything of Xom.
             Slain by a gnoll (5 damage)
             ... on level 7 of the Dungeon.
             The game lasted 00:10:49 (6429 turns).

Lekart the Carver (Black Draconian Chaos Knight)    Turns: 6429, Time: 00:10:49

Health: 0/78       AC:  9    Str: 18    XL:     9   Next: 52%
Magic:  17/17      EV: 14    Int: 14    God:    Xom [..*...]
Gold:   282        SH:  0    Dex: 13    Spells: 15/17 levels left

rFire    . . .     SeeInvis .   p - +3 long sword (chaos)
rCold    . . .     Faith    .   (no shield)
rNeg     + . .     Spirit   .   (armour unavailable)
rPois    .         Reflect  .   (helmet restricted)
rElec    +         Harm     .   h - +1 cloak
rCorr    .         Rampage  .   (no gloves)
Will     .....                  (no boots)
Stlth    +.........             l - amulet of regeneration
HPRegen  1.23/turn              k - ring of positive energy
MPRegen  0.15/turn              (no ring)

@: lethally poisoned (0 -> -4), short of breath, flying
A: breathe lightning, AC +7, unfitting armour, electricity resistance,
cold-blooded, big wings, fangs 1, talons 1, clever 1, high mp 1, strong 1, wild
magic 1, MP-powered wands
a: Breathe Lightning, Renounce Religion


You were on level 7 of the Dungeon.
You worshipped Xom.
You were a toy of Xom.
You visited 1 branch of the dungeon, and saw 7 of its levels.

You collected 282 gold pieces.

Inventory:

Hand Weapons
 p - a +3 long sword of chaos (weapon)
Missiles
 d - 5 throwing nets (quivered)
Armour
 h - a +1 cloak (worn)
Jewellery
 k - a ring of positive energy (left hand)
 l - an amulet of regeneration (around neck)
 m - an amulet of magic regeneration
Wands
 i - a wand of paralysis (10)
Scrolls
 a - a scroll of noise {unknown}
 b - 2 scrolls of silence
 e - 2 scrolls of identify
Potions
 c - a potion of curing
 f - a potion of ambrosia
 g - 2 potions of lignification
 j - a potion of might
 n - a potion of heal wounds
 o - 2 potions of cancellation
 q - a potion of brilliance {unknown}


   Skills:
 + Level 6.8 Fighting
 + Level 8.5 Long Blades
 + Level 5.1 Dodging
 * Level 4.8 Spellcasting
 - Level 5.0 Transmutations


You had 15 spell levels left.
You knew the following spells:

 Your Spells              Type           Power      Damage    Failure   Level
a - Wereblood             Tmut           22%        N/A       6%          2

Your spell library contained the following spells:

 Spells                   Type           Power      Damage    Failure   Level
 Apportation              Tloc           8%         N/A       26%         1
 Magic Dart               Conj           16%        1d3       26%         1
 Searing Ray              Conj           8%         3d3       34%         2
 Sublimation of Blood     Necr           2%         N/A       34%         2
 Ozocubu's Armour         Ice            4%         N/A       56%         3
 Stone Arrow              Conj/Erth      8%         3d7       56%         3
 Fulminant Prism          Conj/Hex       2%         3d6       91%         4
 Alistair's Intoxication  Tmut/Pois      8%         N/A       91%         5
 Bolt of Magma            Conj/Fire/Erth 2%         4d4       99%         5
 Invisibility             Hex            2%         N/A       100%        6
 Ozocubu's Refrigeration  Ice            2%         4d5       100%        7
 Summon Hydra             Summ           2%         N/A       100%        7
 Shatter                  Erth           2%         3d6*      100%        9


Dungeon Overview and Level Annotations

Branches:
Dungeon (7/15)             Temple (0/1) D:5

Altars:
Cheibriados
Hepliaklqana
Makhleb
Trog
Uskayaw
Xom

Shops:
D:7 *

Annotations:
D:5 exclusion: downstairs


Innate Abilities, Weirdness & Mutations

You can breathe wild blasts of lightning.
Your glossy black scales are hard. (AC +7)
You cannot fit into any form of body armour.
You are resistant to electric shocks. (rElec)
You are cold-blooded and may be slowed by cold attacks.
Your large and strong wings let you fly.
You have very sharp teeth.
You have sharp toenails.
Your mind is acute. (Int +2)
You have an increased reservoir of magic. (+10% MP)
Your muscles are strong. (Str +2)
Your spells are a little harder to cast, but a little more powerful.
You expend magic power (3 MP) to strengthen your wands.


Message History

You hit the gnoll sergeant. You freeze the gnoll sergeant.
You claw the gnoll sergeant.
The gnoll sergeant is severely wounded.
The gnoll hits you but does no damage.
The gnoll sergeant hits you with a +2 vampiric spear.
You are too injured to fight recklessly!
You are too injured to fight recklessly!
The gnoll sergeant hits you from afar with a +2 vampiric spear.
You breathe a wild blast of lightning!
You hear a mighty clap of thunder!
The zap misses you.
You hear a bark! x3; You hear a shout! x3; You hear an angry hiss.
The gnoll barely misses you.
The gnoll sergeant hits you but does no damage.
The gnoll hits you but does no damage.
You slash the gnoll!
The gnoll is poisoned.
You claw the gnoll.
You kill the gnoll!
The gnoll sergeant hits you from afar with a +2 vampiric spear!
The gnoll sergeant draws strength from your wounds!
The gnoll hits you but does no damage.
You are poisoned.
You feel very sick.
The gnoll sergeant hits you from afar with a +2 vampiric spear!
* * * LOW HITPOINT WARNING * * *
The gnoll sergeant draws strength from your wounds!
The gnoll hits you with a +2 spear of venom.
* * * LOW HITPOINT WARNING * * *
You are more poisoned.
Things that are here:
a +0 spear; a gnoll corpse You slash the gnoll!
You drain the gnoll. Your kick misses the gnoll.
The gnoll is almost dead.
You feel very sick.
The gnoll sergeant hits you from afar with a +2 vampiric spear.
* * * LOW HITPOINT WARNING * * *
The gnoll hits you but does no damage.
* * * LOW HITPOINT WARNING * * *
You feel very sick.
The gnoll hits you from afar with a +2 spear of venom.
You die...

.........# ......
......##.## ##....##
.†)...#...###.≈..≈.#
#.....#....##.≈..≈.#
...........##.≈..≈.#
...........##.≈..≈.#
###...(....##(≈g.≈.# .
#........##g≈).≈†# #
..#...#.....###.@###...#
#.#...#.#....(.........#
.###...####..8....8.##.#
## ....#............#
#.#...........#####
........#.##...#
......##.###..# .... ..#
#..# ... ..## #...


You could see a gnoll sergeant and a gnoll (drained).

Vanquished Creatures
  A cyclops (D:7)
  A queen bee (D:4)
  Grinder (D:4)
  Sigmund (D:3)
  A wyvern (D:6)
  Duvessa (D:6)
  A water moccasin (D:6)
  4 sky beasts
  A necrophage (D:6)
  An ogre (D:5)
  A centaur (D:7)
  A kobold brigand (D:5)
  Blork the orc (D:6)
  A scorpion (D:5)
  A water moccasin zombie (D:6)
  Dowan (D:6)
  2 bullfrog zombies
  A centaur zombie (D:6)
  4 hounds
  An orc priest (D:6)
  A gnoll shaman (D:6)
  A centaur skeleton (D:5)
  A bullfrog skeleton (D:4)
  An iguana (D:6)
  Crazy Yiuf (D:4)
  A hound skeleton (D:4)
  Robin (D:3)
  17 gnolls
  A howler monkey skeleton (D:5)
  6 adders
  A white imp (D:6)
  2 worms (D:3)
  A dart slug (D:4)
  9 orcs
  5 endoplasms (D:1)
  5 giant cockroaches
  8 goblins
  3 hobgoblins
  12 jackals
  4 quokkas
  5 ball pythons
  3 bats
  4 frilled lizards
  5 kobolds
  9 rats
134 creatures vanquished.

Vanquished Creatures (collateral kills)
  2 ogres (D:6)
  A gnoll shaman (D:7)
  5 gnolls
  A river rat (D:5)
9 creatures vanquished.

Vanquished Creatures (others)
  A gnoll shaman (D:7)
  A gnoll (D:7)
2 creatures vanquished.

Grand Total: 145 creatures vanquished

Notes
Turn   | Place    | Note
-------+----------+-------------------------------------------
     0 | D:1      | Lekart the Draconian Chaos Knight began the quest for the
                  | Orb.
     0 | D:1      | Reached XP level 1. HP: 19/19 MP: 1/1
   230 | D:1      | XOM: god gift: scarf of shadows
   240 | D:1      | Reached XP level 2. HP: 18/26 MP: 2/2
   658 | D:1      | Found a faded altar of an unknown god.
  1318 | D:2      | Reached XP level 3. HP: 15/33 MP: 4/4
  1341 | D:2      | XOM: divination: magic mapping
  1428 | D:2      | XOM: god gift: book of Blood
  1435 | D:2      | Learned a level 2 spell: Wereblood
  1457 | D:2      | XOM: scenery: summon butterflies
  1506 | D:2      | You fall into a shaft and drop 1 floor!
  1506 | D:3      | Noticed Sigmund
  1516 | D:3      | Killed Sigmund
  1517 | D:3      | Reached skill level 4 in Long Blades
  1517 | D:3      | Reached skill level 1 in Spellcasting
  1517 | D:3      | Reached skill level 1 in Transmutations
  1517 | D:3      | Reached XP level 4. HP: 21/41 MP: 4/6
  1517 | D:3      | Reached XP level 5. HP: 24/47 MP: 4/7
  1631 | D:3      | XOM: give mutations
  1631 | D:3      | Gained mutation: You are frail. (-10% HP) [Xom's mischief]
  1631 | D:3      | Gained mutation: You have very sharp teeth. [Xom's
                  | mischief]
  2049 | D:3      | Noticed Robin
  2072 | D:3      | Killed Robin
  2322 | D:3      | XOM: stat loss: -1 Dex (10/11)
  2544 | D:4      | Reached XP level 6. HP: 41/47 MP: 9/9
  2602 | D:4      | Noticed Grinder
  2607 | D:4      | Paralysed by Grinder for 7 turns
  2608 | D:4      | XOM: smoke on damage
  2622 | D:4      | XOM: summons 2 friendly demons
  2632 | D:4      | Killed Grinder
  2633 | D:4      | Reached skill level 5 in Long Blades
  2697 | D:4      | XOM: 5-stop teleportation journey
  2792 | D:4      | XOM: potion effect (invisibility)
  2850 | D:4      | XOM: give mutations
  2850 | D:4      | Gained mutation: You have an increased reservoir of magic.
                  | (+10% MP) [Xom's grace]
  2850 | D:4      | Gained mutation: You are somewhat resistant to further
                  | mutation. [Xom's grace]
  2883 | D:4      | Your scales start taking on a glossy black colour.
  2883 | D:4      | Reached XP level 7. HP: 18/54 MP: 11/11
  2883 | D:4      | Gained mutation: You are resistant to electric shocks.
                  | (rElec) [Black Draconian growth]
  3166 | D:4      | XOM: 2-stop teleportation journey
  3185 | D:4      | XOM: enchant monster (good)
  3189 | D:4      | XOM: polymorph water moccasin -> queen bee
  3219 | D:4      | Killed a queen bee
  3220 | D:4      | Reached skill level 5 in Fighting
  3559 | D:4      | XOM: 2-stop teleportation journey
  3833 | D:4      | XOM: give mutations
  3833 | D:4      | Gained mutation: You expend magic power (3 MP) to
                  | strengthen your wands. [Xom's grace]
  3833 | D:4      | Gained mutation: You are agile. (Dex +2) [Xom's grace]
  3833 | D:4      | Gained mutation: Your mind is acute. (Int +2) [Xom's grace]
  3892 | D:4      | Found a runed translucent door.
  3893 | D:4      | Noticed Crazy Yiuf
  3897 | D:4      | Killed Crazy Yiuf
  3979 | D:5      | XOM: noise
  3979 | D:5      | Entered Level 5 of the Dungeon
  3989 | D:5      | XOM: potion effect (might)
  4014 | D:5      | Found a burning altar of Makhleb.
  4014 | D:5      | XOM: 1-stop teleportation journey
  4202 | D:5      | XOM: summons friendly iron imp
  4207 | D:5      | Reached skill level 6 in Long Blades
  4207 | D:5      | Reached XP level 8. HP: 53/62 MP: 12/14
  4317 | D:5      | Found a snail-covered altar of Cheibriados.
  4317 | D:5      | Found a hazy altar of Hepliaklqana.
  4517 | D:5      | XOM: scenery: summon butterflies
  4651 | D:5      | Found a staircase to the Ecumenical Temple.
  4870 | D:5      | XOM: give mutations
  4870 | D:5      | Gained mutation: Your natural rate of healing is unusually
                  | fast. [Xom's grace]
  4870 | D:5      | Gained mutation: Your spells are a little harder to cast,
                  | but a little more powerful. [Xom's grace]
  4870 | D:5      | Gained mutation: You have sharp toenails. [Xom's grace]
  4870 | D:5      | Gained mutation: You have razor-sharp toenails. [Xom's
                  | grace]
  4921 | D:5      | Found a bloodstained altar of Trog.
  5089 | D:5      | Found a hide-covered altar of Uskayaw.
  5131 | D:6      | Noticed Blork the orc
  5143 | D:6      | Killed Blork the orc
  5293 | D:6      | XOM: give mutations
  5293 | D:6      | Lost mutation: You are frail. (-10% HP) [Xom's grace]
  5293 | D:6      | Gained mutation: You are somewhat resistant to both further
                  | mutation and mutation removal. [Xom's grace]
  5293 | D:6      | Lost mutation: You are somewhat resistant to both further
                  | mutation and mutation removal. [Xom's grace]
  5293 | D:6      | Lost mutation: You are somewhat resistant to further
                  | mutation. [Xom's grace]
  5293 | D:6      | Gained mutation: You evolve. [Xom's grace]
  5293 | D:6      | Gained mutation: Your muscles are strong. (Str +2) [Xom's
                  | grace]
  5353 | D:6      | Noticed Duvessa
  5354 | D:6      | Noticed Dowan
  5355 | D:6      | XOM: enchant monster (good)
  5362 | D:6      | XOM: silly message
  5366 | D:6      | Killed Dowan
  5367 | D:6      | Killed Duvessa
  5368 | D:6      | Reached skill level 7 in Long Blades
  5562 | D:6      | XOM: chaos cloud
  5565 | D:6      | XOM: scenery: summon butterflies
  5575 | D:6      | XOM: swap monsters
  5575 | D:6      | Xom revived you
  5620 | D:6      | XOM: cast spell 'Summon Hydra'
  5626 | D:6      | Reached XP level 9. HP: 69/75 MP: 16/16
  5708 | D:6      | Noticed a troll
  5711 | D:6      | XOM: confuse monster(s)
  5757 | D:6      | XOM: summons friendly iron imp
  5761 | D:6      | XOM: give mutations
  5761 | D:6      | Gained mutation: Your large and strong wings let you fly.
                  | [Xom's mischief]
  5761 | D:6      | Lost mutation: You evolve. [Xom's mischief]
  5761 | D:6      | Lost mutation: Your natural rate of healing is unusually
                  | fast. [Xom's mischief]
  5761 | D:6      | Lost mutation: You have razor-sharp toenails. [Xom's
                  | mischief]
  6054 | D:7      | XOM: polymorph centaur -> hound
  6128 | D:7      | XOM: scenery: summon butterflies
  6192 | D:7      | Found Zicremodgh's General Store.
  6207 | D:7      | Noticed Harold
  6207 | D:7      | XOM: scenery: create altars
  6210 | D:7      | XOM: divine lightning
  6216 | D:7      | XOM: summons friendly shadow imp
  6222 | D:7      | XOM: chaos upgrade
  6226 | D:7      | XOM: confusion
  6229 | D:7      | Noticed Harold
  6229 | D:7      | Harold changed into Harold the cyclops
  6229 | D:7      | XOM: polymorph Harold -> Harold the cyclops
  6234 | D:7      | Killed Harold the cyclops
  6235 | D:7      | Reached skill level 8 in Long Blades
  6235 | D:7      | Reached skill level 5 in Dodging
  6258 | D:7      | XOM: chaos upgrade
  6261 | D:7      | XOM: 1-stop teleportation journey
  6288 | D:7      | XOM: silly message
  6312 | D:7      | XOM: give mutation
  6312 | D:7      | Lost mutation: You are agile. (Dex +2) [Xom's mischief]
  6323 | D:7      | XOM: divination: detect items
  6325 | D:7      | XOM: swap monsters
  6336 | D:7      | XOM: enchant monster (good)
  6358 | D:7      | Reached skill level 5 in Transmutations
  6429 | D:7      | Slain by a gnoll

Illustrated notes

Levels and vault maps discovered:
D:1:      lightli_arrival_noodles, layout_basic, shapermc_ecumenical_altar_venn,
          minmay_tromino_v7
D:2:      layout_basic, grunt_decor_mini_mirrors,
          chequers_serial_rivers_small_a, minmay_misc_feat_roman
D:3:      layout_basic, uniq_robin, uniq_sigmund
D:4:      layout_basic, grunt_ministairs_2, minivault_27,
          uniq_crazy_yiuf_cottage, uniq_grinder
D:5:      layout_loops_cross, nicolae_uskayaw_suspiria,
          gammafunk_temple_overflow_forgotten, lightli_temple_of_fire,
          minmay_temple_entry_statues_pillars, lemuel_old_faithful
D:6:      layout_loops_cross, uniq_duvessa, uniq_blork_the_orc
D:7:      layout_cave_pools, serial_gnoll_camp, gnoll_camp_mini_loothouse,
          gnoll_camp_medium_01, gnoll_camp_mini_shop, gnoll_camp_medium_02,
          gnoll_camp_mini_doghouse, serial_shops, shop,
          hangedman_abyss_or_decor_passed, uniq_harold

Skill      XL: |  1  2  3  4  5  6  7  8  9 |
---------------+----------------------------+-----
Fighting       | 4 5 6 |  6.8
Long Blades    | 4 5 6 7 8 |  8.5
Spellcasting   | 1 2 3 4 |  4.8
Transmutations | 1 2 3 4 5 |  5.0
Dodging        | 3 4 5 |  5.1

Action                   |  1- 3 |  4- 6 |  7- 9 || total
-------------------------+-------+-------+-------++-------
Melee: Falchion          |    70 |   113 |   189 ||   372
       Tailslap          |     6 |    13 |    51 ||    70
       Bite              |       |     8 |    35 ||    43
       Kick              |       |       |    77 ||    77
       Long sword        |       |       |    39 ||    39
 Cast: Wereblood         |       |       |     6 ||     6
 Abil: Breathe Lightning |       |       |    10 ||    10
  Use: Potion            |     1 |     1 |     4 ||     6
       Scroll            |     1 |     3 |     8 ||    12
 Stab: Sleeping          |     2 |       |     1 ||     3
       Invisible         |       |     1 |       ||     1
       Paralysed         |       |       |     2 ||     2
       Distracted        |       |       |     1 ||     1
       Confused          |       |       |     1 ||     1
Armor: Skin              |    23 |    45 |    81 ||   149
Dodge: Dodged            |    46 |    90 |   178 ||   314
       Rpst.: Falchion   |    12 |    31 |    43 ||    86
       Long sword        |       |       |     7 ||     7

Table legend: (Time is in decaauts)
 A = Elapsed time spent in this place.
 B = Non-inter-level travel time spent in this place.
 C = Inter-level travel time spent in this place.
 D = Time resting spent in this place.
 E = Time spent auto-exploring this place.
 F = Levels seen in this place.
 G = Mean time per level.
                   A        B        C        D        E       F      G
               +--------+--------+--------+--------+--------+-----+--------+
         Total |   6439 |   6282 |    157 |   1169 |   3965 |   7 |  919.9 |
       Dungeon |   6439 |   6282 |    157 |   1169 |   3965 |   7 |  919.9 |
               +--------+--------+--------+--------+--------+-----+--------+

Top non-repeatable levels by time:
     D:4: 1506 daAuts
     D:5: 1260 daAuts
     D:1: 1159 daAuts
     D:3: 976 daAuts
     D:6: 807 daAuts
     D:7: 374 daAuts
     D:2: 355 daAuts
